 Dungeon Crawl Stone Soup version 0.32-a0-913-g739538a (webtiles) character file.

Game seed: 12286878759572954152

310 awe1100 the Slasher (level 6, -1/47 HPs)
             Began as a Coglin Berserker on Apr 7, 2024.
             Was a Believer of Trog.
             Slain by Pikel
             ... wielding a +1 whip of flaming
              (2 damage)
             ... on level 4 of the Dungeon.
             The game lasted 00:05:59 (2680 turns).

awe1100 the Slasher (Coglin Berserker)              Turns: 2680, Time: 00:05:59

Health: -1/47      AC:  7    Str: 17    XL:     6   Next: 41%
Magic:  6/6        EV:  9    Int:  8    God:    Trog [**....]
Gold:   175        SH:  0    Dex: 14    Spells: 5/5 levels left

rFire   . . .        a - +0 falchion {Imanvir}
rCold   . . .        o - +0 rapier {Imanvir}
rNeg    . . .        p - +0 scale mail
rPois   .            (no helmet)
rElec   .            i - +0 cloak
rCorr   .            (no gloves)
SInv    .            (no boots)
Will    ++...        (amulet unavailable) Stlth
                     (ring unavailable)
HPRegen 1.27/turn    (ring unavailable)
MPRegen 0.10/turn    (no gizmo)

%: no passive effects
@: strong-willed, regenerating, revved
A: off-hand wielding, slow wielding, warmup strikes, no jewellery
a: Invent Gizmo, Renounce Religion, Berserk, Trog's Hand


You were on level 4 of the Dungeon.
You worshipped Trog.
Trog was pleased with you.
You visited 1 branch of the dungeon, and saw 4 of its levels.

You collected 175 gold pieces.

Inventory:

Hand Weapons
 a - a +0 falchion (weapon) {Imanvir}
 o - a +0 rapier (offhand) {Imanvir}
Missiles
 s - 3 poisoned darts (quivered)
Armour
 i - a +0 cloak (worn)
 p - a +0 scale mail (worn)
Scrolls
 b - 3 scrolls of teleportation {unknown}
 c - a scroll of vulnerability {unknown}
 d - a scroll of amnesia {unknown}
 e - a scroll of butterflies {unknown}
 f - 6 scrolls of identify {unknown}
 g - a scroll of enchant armour {unknown}
 j - a scroll of noise {unknown}
 n - a scroll of fear {unknown}
 q - a scroll of torment {unknown}
Potions
 h - 2 potions of heal wounds {unknown}
 k - a potion of lignification {unknown}
 l - a potion of haste {unknown}
 m - a potion of resistance {unknown}
 r - a potion of mutation {unknown}
 t - a potion of might {unknown}
 u - a potion of curing {unknown}


   Skills:
 - Level 3.0 Fighting
 + Level 6.9 Long Blades
 - Level 1.8 Armour
 - Level 1.8 Dodging


You had 5 spell levels left.
You didn't know any spells.
Your spell library contained the following spells:

 Spells                   Type           Power      Damage    Failure   Level
 Scorch                   Fire           0%         2d5       92%         2
 Flame Wave               Conj/Fire      0%         2d4       100%        4
 Summon Cactus Giant      Summ           0%         N/A       100%        6


Dungeon Overview and Level Annotations

Branches:
Dungeon (4/15)
 Temple: D:4-7

Altars:
Uskayaw

Annotations:
D:4 Pikel


Innate Abilities, Weirdness & Mutations

You can wield a second weapon in your off-hand.
It takes a long time for you to wield or remove held weapons.
Your first few attacks do less damage.
You cannot equip rings or amulets.


Message History

The lemure barely misses you. The lemure completely misses you.
You hit Pikel but do no damage. x2
Pikel hits you with a +1 whip of flaming.
Pikel burns you.
The lemure hits you but does no damage. x2
You barely miss Pikel with your +0 falchion.
You hit Pikel with your +0 rapier.
Pikel hits you with a +1 whip of flaming!
Pikel burns you. The lemure hits you but does no damage. The lemure hits you.
* * * LOW HITPOINT WARNING * * *
You are too injured to fight recklessly!
You are too injured to fight recklessly!
You are too injured to fight recklessly!
You are too injured to fight recklessly!
You are too injured to fight recklessly!
You are too injured to fight recklessly!
You are too injured to fight recklessly!
You are too injured to fight recklessly!
You are too injured to fight recklessly!
You are too injured to fight recklessly!
You are too injured to fight recklessly!
You are too injured to fight recklessly!
You are too injured to fight recklessly!
Your skin crawls.
You feel strong-willed. Pikel hits you but does no damage. The lemure hits you.
* * * LOW HITPOINT WARNING * * *
The lemure hits you.
* * * LOW HITPOINT WARNING * * *
Unknown command.
Pikel attacks as he pursues you!
Pikel hits you with a +1 whip of flaming.
* * * LOW HITPOINT WARNING * * *
Pikel burns you.
* * * LOW HITPOINT WARNING * * *
Pikel attacks as he pursues you!
Pikel hits you with a +1 whip of flaming.
* * * LOW HITPOINT WARNING * * *
Pikel burns you.
You die...
Pikel says, "Another soul for the market."

#.............
#.##.............
#[.#.............
.................
#................
#.........†......
................
###..K55.......
#..@......... ##
#..#.......##
##.##..#....####
####
#......#..###
...# ##.........#
...##
##.........##
....#
#..........#
....#
##..........#
...##
#...........#


You could see Pikel and 2 lemures.

Vanquished Creatures
  Duvessa (D:4)
  2 lemures (D:4)
  Dowan (D:4)
  5 adders
  3 gnolls (D:3)
  2 dart slugs
  A ribbon worm (D:2)
  5 orcs (D:3)
  7 ball pythons
  6 endoplasms
  6 giant cockroaches
  5 goblins
  4 hobgoblins
  6 jackals
  5 quokkas
  3 bats
  2 frilled lizards (D:3)
  4 kobolds
  7 rats
75 creatures vanquished.

Notes
Turn   | Place    | Note
-------+----------+-------------------------------------------
     0 | D:1      | awe1100 the Coglin Berserker began the quest for the Orb.
     0 | D:1      | Reached XP level 1. HP: 18/18 MP: 1/1
   112 | D:1      | Reached XP level 2. HP: 13/24 MP: 2/2
   411 | D:1      | Reached XP level 3. HP: 20/29 MP: 3/3
   573 | D:1      | Reached skill level 4 in Long Blades
   591 | D:1      | Reached ** piety under Trog
   895 | D:2      | Found a faded altar of an unknown god.
   998 | D:2      | Reached XP level 4. HP: 35/35 MP: 4/4
  1490 | D:3      | Identified the ring "Qeom" {rElec rC+ Int+2 Dex+6}
  1508 | D:3      | Noticed a +0 spear
  1511 | D:3      | Noticed a +0 short sword
  1511 | D:3      | Noticed a +0 dagger
  1513 | D:3      | Noticed a +0 falchion
  1513 | D:3      | Noticed a +0 spear
  1513 | D:3      | Noticed a +0 dagger
  1514 | D:3      | Noticed a +0 falchion
  1528 | D:3      | Found a hide-covered altar of Uskayaw.
  1531 | D:3      | Noticed a +0 short sword
  1604 | D:3      | Reached skill level 5 in Long Blades
  1710 | D:3      | Reached XP level 5. HP: 41/41 MP: 5/5
  2360 | D:4      | Noticed Dowan
  2379 | D:4      | Killed Dowan
  2380 | D:4      | Reached skill level 6 in Long Blades
  2419 | D:4      | Noticed Duvessa
  2434 | D:4      | Killed Duvessa
  2435 | D:4      | Reached XP level 6. HP: 4/47 MP: 6/6
  2668 | D:4      | Noticed Pikel
  2680 | D:4      | HP: 1/47 [Pikel/+1 whip of flaming (5)]
  2680 | D:4      | Slain by Pikel

Illustrated notes

Levels and vault maps discovered:
D:1:      giann_wishing_wells, layout_basic, minivault_19
D:2:      layout_loops_cross, serial_glass, glass_columns_a, glass_columns_a,
          dreamdust_ecumenical_altar_statues, minivault_27
D:3:      layout_basic, nicolae_uskayaw_en_pointe
D:4:      layout_cave_pods, minmay_manual_mess, uniq_ijyb, uniq_natasha,
          uniq_pikel, uniq_duvessa

Skill      XL: |  1  2  3  4  5 |
---------------+----------------+-----
Long Blades    | 4 5 6 |  6.9
Fighting       | |  3.0
Armour         | |  1.8
Dodging        | |  1.8

Action                     |  1- 3 |  4- 6 || total
---------------------------+-------+-------++-------
  Melee: Falchion          |    90 |   105 ||   195
         Dagger            |    85 |     9 ||    94
         Rapier            |       |    97 ||    97
 Invoke: Berserk           |       |     1 ||     1
         Trog's Hand       |       |     1 ||     1
   Stab: Sleeping          |     1 |       ||     1
 Armour: Animal skin       |    46 |    22 ||    68
         Scale mail        |       |    59 ||    59
  Dodge: Dodged            |    51 |    50 ||   101

Table legend: (Time is in decaauts)
 A = Elapsed time spent in this place.
 B = Non-inter-level travel time spent in this place.
 C = Inter-level travel time spent in this place.
 D = Time resting spent in this place.
 E = Time spent auto-exploring this place.
 F = Levels seen in this place.
 G = Mean time per level.
                   A        B        C        D        E       F      G
               +--------+--------+--------+--------+--------+-----+--------+
         Total |   2691 |   2658 |     33 |    430 |   1602 |   4 |  672.8 |
       Dungeon |   2691 |   2658 |     33 |    430 |   1602 |   4 |  672.8 |
               +--------+--------+--------+--------+--------+-----+--------+

Top non-repeatable levels by time:
     D:3: 1028 daAuts
     D:1: 808 daAuts
     D:2: 673 daAuts
     D:4: 181 daAuts
